 Dungeon Crawl Stone Soup version 0.30-a0-793-g160f7cfddd (webtiles) character file.

Game seed: 11908285527158602998

46 porpoise the Sneak (level 3, -2/26 HPs)
             Began as a Gnoll Enchanter on Feb 20, 2023.
             Slain by a gnoll
             ... wielding a +1 halberd of flaming
              (5 damage)
             ... on level 2 of the Dungeon.
             The game lasted 00:05:30 (973 turns).

porpoise the Sneak (Gnoll Enchanter)                 Turns: 973, Time: 00:05:31

Health: -2/26      AC:  2    Str:  7    XL:     3   Next: 68%
Magic:  1/9        EV: 13    Int: 16    God:
Gold:   119        SH:  0    Dex: 12    Spells: 10/12 levels left

rFire   . . .      SeeInvis .    a - +1 dagger
rCold   . . .      Faith    .    (no shield)
rNeg    . . .      Spirit   .    l - +0 robe
rPois   .          Reflect  .    (no helmet)
rElec   .          Harm     .    (no cloak)
rCorr   .          Rampage  .    (no gloves)
Will    .....                    (no boots)
Stlth   +++                      (no amulet)
HPRegen 0.24/turn                (no ring)
MPRegen 0.11/turn                (no ring)

@: no status effects
A: fangs 1, strong nose, distributed training
a: no special abilities


You were on level 2 of the Dungeon.
You visited 1 branch of the dungeon, and saw 2 of its levels.

You collected 119 gold pieces.

Inventory:

Hand Weapons
 a - a +1 dagger (weapon)
 b - a +1 long sword of electrocution
Missiles
 f - 6 poisoned darts (quivered)
Armour
 l - a +0 robe (worn)
Scrolls
 e - 2 scrolls of immolation {unknown}
 g - a scroll of silence {unknown}
 h - a scroll of amnesia {unknown}
 k - a scroll of identify
Potions
 c - 2 potions of invisibility
 d - 2 potions of heal wounds
 i - a potion of resistance
 j - a potion of cancellation {unknown}


   Skills:
 + Level 1.0 Fighting
 + Level 2.6 Short Blades
 + Level 1.0 Long Blades
 + Level 1.0 Axes
 + Level 1.0 Maces & Flails
 + Level 1.0 Polearms
 + Level 1.0 Staves
 + Level 1.0 Ranged Weapons
 + Level 1.0 Throwing
 + Level 1.0 Armour
 + Level 4.6 Dodging
 + Level 6.0 Stealth
 + Level 1.0 Shields
 + Level 1.0 Unarmed Combat
 + Level 5.0 Spellcasting
 + Level 0.7 Conjurations
 + Level 5.4 Hexes
 + Level 0.7 Summonings
 + Level 0.7 Necromancy
 + Level 0.7 Translocations
 + Level 0.7 Transmutations
 + Level 0.7 Fire Magic
 + Level 0.7 Ice Magic
 + Level 0.7 Air Magic
 + Level 0.7 Earth Magic
 + Level 0.7 Poison Magic
 + Level 1.0 Invocations
 + Level 1.0 Evocations


You had 10 spell levels left.
You knew the following spells:

 Your Spells              Type           Power      Damage    Failure   Level
e - Ensorcelled Hibernat  Hex/Ice        26%        N/A       6%          2

Your spell library contained the following spells:

 Spells                   Type           Power      Damage    Failure   Level
 Confusing Touch          Hex            21%        N/A       4%          3
 Tukima's Dance           Hex            21%        N/A       4%          3
 Dazzling Flash           Conj/Hex       26%        N/A       13%         3
 Stone Arrow              Conj/Erth      12%        3d7       34%         3
 Animate Armour           Summ/Erth      12%        N/A       75%         4
 Lehudib's Crystal Spear  Conj/Erth      3%         10d2      100%        8


Dungeon Overview and Level Annotations

Branches:
Dungeon (2/15)

Altars:


Innate Abilities, Weirdness & Mutations

You have very sharp teeth.
Your uncanny sense of smell can sniff out nearby items.
Your experience applies equally to all skills.


Message History

Aiming: Ensorcelled Hibernation (safe; 6% risk of failure)
Press: ? - help, Shift-Dir - straight line, f - gnoll
Aim: a gnoll, wielding a +1 halberd of flaming (chance to affect: 55%)
The gnoll looks drowsy...
The gnoll hits you with a +0 club.
A gnoll comes into view. It is wielding a +0 halberd.
The gnoll hits you with a +0 club.
The gnoll shouts!
You hit the gnoll but do no damage. The gnoll closely misses you.
Casting: Ensorcelled Hibernation (safe; 6% risk of failure)
Confirm with . or Enter, or press ? or * to list all spells.
Aiming: Ensorcelled Hibernation (safe; 6% risk of failure)
Press: ? - help, Shift-Dir - straight line, f - gnoll, p - gnoll
Aim: a gnoll, wielding a +0 halberd (chance to affect: 55%)
The gnoll resists with significant effort.
The gnoll barely misses you. The gnoll closely misses you.
The gnoll hits you with a +1 halberd of flaming.
The gnoll burns you.
Casting: Ensorcelled Hibernation (safe; 6% risk of failure)
Confirm with . or Enter, or press ? or * to list all spells.
Aiming: Ensorcelled Hibernation (safe; 6% risk of failure)
Press: ? - help, Shift-Dir - straight line, f/p - gnoll
Aim: a gnoll, wielding a +0 halberd (chance to affect: 55%)
The gnoll looks drowsy...
The gnoll hits you with a +0 club.
The gnoll hits you with a +1 halberd of flaming!
The gnoll burns you.
* * * LOW HITPOINT WARNING * * *
The gnoll barely misses you.
The gnoll shouts!
You closely miss the gnoll. You hit the gnoll.
The gnoll is heavily wounded.
The gnoll barely misses you. The gnoll closely misses you.
The gnoll misses you. The gnoll barely misses you.
The gnoll closely misses you. The gnoll attacks as you move away!
The gnoll closely misses you. The gnoll attacks as you move away!
The gnoll closely misses you.
The gnoll hits you from afar with a +0 halberd.
* * * LOW HITPOINT WARNING * * *
The gnoll hits you from afar with a +1 halberd of flaming.
You die...

#.# #.# #.#
#########.#
#.......).#
#..[....g.#
#.........#
#......gg.#
#........@#
#########.#
#.# #.# #.#
#.# ###.#
#...#
#######
###.###


You could see 3 gnolls.

Vanquished Creatures
  A gnoll (D:2)
  5 ball pythons
  3 bats (D:1)
  2 endoplasms
  3 giant cockroaches
  5 goblins
  2 hobgoblins (D:1)
  4 jackals (D:2)
  3 kobolds (D:2)
  A quokka (D:2)
  A frilled lizard (D:1)
  A rat (D:1)
31 creatures vanquished.

Notes
Turn   | Place    | Note
-------+----------+-------------------------------------------
     0 | D:1      | porpoise the Gnoll Enchanter began the quest for the Orb.
     0 | D:1      | Reached XP level 1. HP: 13/13 MP: 6/6
   154 | D:1      | Reached XP level 2. HP: 18/19 MP: 7/7
   161 | D:1      | Learned a level 2 spell: Ensorcelled Hibernation
   543 | D:2      | Reached skill level 5 in Spellcasting
   543 | D:2      | Reached XP level 3. HP: 16/25 MP: 5/9
   642 | D:2      | Reached skill level 6 in Stealth
   806 | D:2      | Reached skill level 1 in Invocations
   957 | D:2      | Reached skill level 1 in Fighting
   957 | D:2      | Reached skill level 1 in Long Blades
   957 | D:2      | Reached skill level 1 in Axes
   957 | D:2      | Reached skill level 1 in Maces & Flails
   957 | D:2      | Reached skill level 1 in Polearms
   957 | D:2      | Reached skill level 1 in Staves
   957 | D:2      | Reached skill level 1 in Ranged Weapons
   957 | D:2      | Reached skill level 1 in Throwing
   957 | D:2      | Reached skill level 1 in Armour
   957 | D:2      | Reached skill level 1 in Shields
   957 | D:2      | Reached skill level 1 in Unarmed Combat
   957 | D:2      | Reached skill level 1 in Evocations
   973 | D:2      | Slain by a gnoll

Illustrated notes

Levels and vault maps discovered:
D:1:      minmay_arrival_four_circles, layout_basic
D:2:      layout_basic

Skill      XL: |  1  2  3 |
---------------+----------+-----
Spellcasting   | 5 |  5.0
Stealth        | 6 |  6.0
Invocations    | 1 |  1.0
Fighting       | 1 |  1.0
Long Blades    | 1 |  1.0
Axes           | 1 |  1.0
Maces & Flails | 1 |  1.0
Polearms       | 1 |  1.0
Staves         | 1 |  1.0
Ranged Weapons | 1 |  1.0
Throwing       | 1 |  1.0
Armour         | 1 |  1.0
Shields        | 1 |  1.0
Unarmed Combat | 1 |  1.0
Evocations     | 1 |  1.0
Short Blades   | |  2.6
Dodging        | |  4.6
Conjurations   | |  0.7
Hexes          | |  5.4
Summonings     | |  0.7
Necromancy     | |  0.7
Translocations | |  0.7
Transmutations | |  0.7
Fire Magic     | |  0.7
Ice Magic      | |  0.7
Air Magic      | |  0.7
Earth Magic    | |  0.7
Poison Magic   | |  0.7

Action                     || total
---------------------------++-------
  Melee: Dagger            ||    68
         Bite              ||     2
  Throw: Dart              ||     9
   Cast: Ensorcelled Hiber ||    17
    Use: Scroll            ||     2
   Stab: Sleeping          ||    14
 Armour: Robe              ||     4
  Dodge: Dodged            ||    54

Table legend: (Time is in decaauts)
 A = Elapsed time spent in this place.
 B = Non-inter-level travel time spent in this place.
 C = Inter-level travel time spent in this place.
 D = Time resting spent in this place.
 E = Time spent auto-exploring this place.
 F = Levels seen in this place.
 G = Mean time per level.
                   A        B        C        D        E       F      G
               +--------+--------+--------+--------+--------+-----+--------+
         Total |    962 |    960 |      2 |    199 |    516 |   2 |  481.0 |
       Dungeon |    962 |    960 |      2 |    199 |    516 |   2 |  481.0 |
               +--------+--------+--------+--------+--------+-----+--------+

Top non-repeatable levels by time:
     D:1: 509 daAuts
     D:2: 453 daAuts
